Map: [ESL] Cosmic Sapphire

Players

Bioice

  • Race: Zerg Zerg
  • Spawn Location: 11:00

Neeb - Winner!

  • Race: Protoss Protoss
  • Spawn Location: 5:00

Event: DreamHack SC2 Masters 2022 Atlanta (Online)

VOD

Have the link to the VOD?

Description

Time

  • Played on: Oct. 5, 2022, 3:12 p.m.
  • Length: 9:17

All games in this series

Show
View Real Time Build Order
Export as new Build Order

Bioice Zerg 

Build Orders: Hatch First 

Get SALT Encoding   

  12  0:00  Drone  
  13  0:13  Overlord  
  13  0:17  Drone  
  14  0:31  Drone x2  
  16  0:47  Hatchery  
  15  0:51  Drone  
  15  0:55  Drone  
  17  0:58  Drone  
  18  1:05  Extractor  
  17  1:13  Spawning Pool  
  17  1:16  Drone  
  17  1:20  Drone  
  18  1:28  Drone  
  19  1:41  Drone  
  20  1:51  Drone  
  21  1:59  Queen  
  21  2:00  Queen  
  21  2:01  Drone, Overlord  
  26  2:11  Drone  
  26  2:12  Drone  
  28  2:15  Metabolic Boost  
  28  2:21  Drone  
  28  2:22  Drone  
  30  2:37  Hatchery  
  30  2:42  Queen  
  31  2:45  Overlord  
  31  2:48  Drone  
  32  2:55  Overlord  
  32  3:02  Overlord  
  32  3:04  Drone x3  
  35  3:06  Drone  
  36  3:14  Drone x3  
  36  3:16  Drone  
  36  3:18  Queen  
  42  3:22  Drone  
  42  3:24  Spore Crawler  
  42  3:28  Queen  
  42  3:30  Drone  
  42  3:33  Zergling x2  
  46  3:38  Zergling x2  
  47  3:45  Drone  
  47  3:48  Drone x4  
  52  3:49  Drone  
  52  3:53  Drone  
  52  3:54  Roach Warren  
  53  3:57  Drone x2  
  53  3:59  Drone x2  
  53  4:00  Overlord  
  57  4:08  Spine Crawler  
  55  4:13  Zergling x6  
  58  4:19  Zergling x4  
  58  4:20  Zergling x4  
  58  4:22  Zergling x2  
  64  4:36  Drone  
  64  4:37  Drone x3  
  66  4:41  Overlord  
  66  4:45  Overlord x2  
  66  4:50  Overlord  
  64  4:54  Roach  
  68  5:00  Roach x4  
  68  5:04  Roach x2  
  68  5:05  Roach x2  
  68  5:06  Queen  
  84  5:07  Queen  
  84  5:08  Overlord  
  86  5:23  Hatchery  
  86  5:24  Drone x5  
  90  5:33  Drone x3  
  93  5:35  Evolution Chamber  
  93  5:37  Extractor  
  93  5:38  Extractor  
  93  5:40  Drone x3  
  93  5:41  Drone x3  
  96  5:45  Drone x2  
  96  5:46  Lair  
  98  5:51  Drone  
  98  5:54  Overlord  
  98  5:55  Drone  
  99  6:04  Drone  
  99  6:06  Extractor x2  
  99  6:07  Drone x3, Extractor  
  97  6:13  Drone x8  
  97  6:18  Drone x3  
  104  6:19  Spore Crawler x2  
  104  6:23  Zerg Missile Weapons Level 1  
  104  6:24  Drone  
  103  6:28  Drone  
  103  6:29  Drone  
  105  6:35  Drone  
  106  6:41  Drone  
  106  6:42  Drone x4  
  106  6:45  Drone  
  106  6:46  Glial Reconstitution  
  112  6:49  Infestation Pit  
  112  6:50  Drone  
  112  6:56  Overlord x2  
  112  6:59  Drone  
  112  7:01  Ravager x4  
  112  7:02  Drone x2, Ravager  
  112  7:03  Drone  
  112  7:08  Overlord x2  
  120  7:09  Overseer  
  120  7:11  Extractor  
  120  7:12  Extractor, Overlord  
  118  7:18  Drone x3  
  118  7:19  Drone x2  
  118  7:20  Drone x6  
  129  7:23  Ravager x3  
  129  7:24  Roach x2  
  129  7:26  Queen  
  136  7:35  Roach x9  
  148  7:39  Roach  
  146  7:45  Queen  
  146  7:46  Roach  
  146  7:47  Roach x2  
  146  7:50  Roach x3  
  156  7:52  Roach  
  158  7:59  Overlord  
  158  8:02  Queen  
  157  8:05  Overlord  
  157  8:06  Overlord  
  157  8:12  Roach x3  
  159  8:19  Roach  
  167  8:20  Roach x8  
  167  8:26  Ravager x8  
  170  8:27  Roach x3  
  170  8:28  Roach  
  172  8:40  Roach  
  156  8:42  Roach x3  
  156  8:44  Roach  
  156  8:47  Roach x3  
  147  8:52  Roach x2  
  147  8:53  Roach x2  
  137  8:57  Roach x5  
Show
View Real Time Build Order
Export as new Build Order

Neeb Protoss - Winner!

Build Orders: 1 Gate Expand, Oracle Opening 

Get SALT Encoding   

  12  0:00  Probe  
  13  0:12  Probe  
  14  0:18  Pylon  
  14  0:24  Probe (Chrono Boost)  
  15  0:36  Probe (Chrono Boost)  
  15  0:38  Gateway  
  16  0:45  Probe (Chrono Boost)  
  16  0:47  Assimilator  
  17  0:51  Probe  
  18  1:03  Probe  
  19  1:15  Probe  
  20  1:22  Nexus  
  20  1:32  Cybernetics Core  
  20  1:35  Probe  
  21  1:41  Assimilator  
  21  1:47  Probe  
  21  1:49  Pylon  
  22  2:00  Probe (Chrono Boost)  
  23  2:06  Warp Gate (Chrono Boost)  
  24  2:08  Stalker  
  24  2:09  Probe (Chrono Boost)  
  24  2:14  Probe (Chrono Boost)  
  27  2:26  Probe (Chrono Boost)  
  28  2:34  Probe (Chrono Boost)  
  28  2:36  Probe (Chrono Boost)  
  30  2:38  Adept  
  30  2:43  Probe (Chrono Boost)  
  34  2:44  Probe (Chrono Boost)  
  34  2:48  Gateway  
  34  2:50  Probe, Gateway  
  34  2:56  Probe  
  36  3:02  Stargate  
  36  3:04  Probe  
  37  3:08  Adept  
  37  3:10  Probe  
  40  3:14  Pylon  
  40  3:16  Probe  
  41  3:22  Probe  
  42  3:28  Probe  
  44  3:34  Probe  
  44  3:41  Pylon  
  45  3:43  Oracle (Chrono Boost)  
  45  3:46  Probe  
  45  3:47  Adept  
  45  3:48  Adept  
  53  3:50  Adept  
  54  3:57  Pylon  
  54  3:59  Probe x2  
  56  4:07  Nexus  
  56  4:12  Oracle (Chrono Boost)  
  56  4:17  Adept x2  
  61  4:19  Adept  
  61  4:23  Probe x2  
  67  4:30  Assimilator  
  67  4:32  Assimilator  
  67  4:36  Probe (Chrono Boost)  
  67  4:38  Probe (Chrono Boost)  
  69  4:46  Forge  
  69  4:48  Probe (Chrono Boost)  
  69  4:49  Twilight Council  
  70  4:59  Probe  
  70  5:00  Probe  
  70  5:08  Protoss Ground Weapons Level 1 (Chrono Boost)  
  70  5:10  Pylon  
  70  5:12  Blink (Chrono Boost), Pylon  
  70  5:18  Probe x2, Pylon  
  70  5:21  Probe  
  73  5:26  Shield Battery  
  73  5:30  Probe x2  
  73  5:31  Sentry x2  
  73  5:33  Probe  
  73  5:35  Gateway  
  80  5:39  Gateway  
  80  5:40  Gateway  
  80  5:42  Probe x2  
  82  5:45  Probe  
  83  5:54  Probe x2  
  83  5:55  Gateway  
  85  5:57  Probe  
  85  5:58  Gateway  
  85  5:59  Robotics Facility  
  85  6:00  Stalker x2  
  90  6:11  Pylon  
  90  6:15  Pylon  
  90  6:17  Stalker  
  92  6:26  Pylon  
  92  6:27  Nexus  
  92  6:30  Stalker x3, Pylon  
  98  6:34  Probe x3  
  101  6:42  Stalker x2  
  101  6:46  Probe x3  
  108  6:49  Stalker x2  
  108  6:51  Observer  
  113  6:58  Photon Cannon, Probe  
  111  7:03  Stalker x4  
  111  7:07  Charge  
  119  7:13  Stalker x3  
  125  7:17  Probe x2  
  125  7:18  Probe  
  128  7:25  Warp Prism  
  130  7:36  Probe  
  125  7:41  Probe x2  
  125  7:42  Stalker x4  
  135  7:50  Stalker  
  135  7:51  Zealot x3  
  141  7:56  Pylon  
  143  8:01  Probe  
  143  8:02  Probe  
  143  8:05  Stalker x4  
  151  8:11  Pylon  
  151  8:12  Pylon x2  
  151  8:22  Probe  
  152  8:29  Zealot x8  
  168  8:34  Probe x2  
  156  8:43  Nexus, Probe  
  141  8:49  Zealot x6  
  141  8:50  Zealot x2  
  141  8:55  Probe  
  138  9:10  Zealot x8  
Tags
 
Add a new tag
Caveats
  • Supply blocks, unpowered buildings, or Contaminate may cause inaccurate times.
  • Supply counts are checked every 10 seconds.